 Dungeon Crawl Stone Soup version 0.24.1-14-gf8d2b509d9 (console) character file.

Game seed: 7281745677329311952, levelgen mode: deterministic

65 Kagalorn the Skirmisher (level 3, -3/31 HPs)
             Began as a Minotaur Wanderer on July 16, 2020.
             Killed from afar by Sigmund (9 damage)
             ... with a magic dart
             ... on level 2 of the Dungeon.
             The game lasted 00:03:49 (1465 turns).

Kagalorn the Skirmisher (Minotaur Wanderer)         Turns: 1465, Time: 00:03:49

Health: -3/31      AC:  6    Str: 14    XL:     3   Next: 92%
Magic:  5/5        EV: 11    Int:  7    God:
Gold:   53         SH:  0    Dex: 14    Spells: 6/7 levels left

rFire    . . .     SeeInvis +   a - +0 spear
rCold    . . .     Gourm    .   (no shield)
rNeg     . . .     Faith    .   g - +0 ring mail
rPois    .         Spirit   .   (helmet restricted)
rElec    .         Reflect  .   (no cloak)
rCorr    .         Harm     .   d - +0 pair of gloves
MR       .....                  (no boots)
Stlth    +.........             (no amulet)
HPRegen  0.10/turn              b - ring of see invisible
MPRegen  0.09/turn              (no ring)

@: no status effects
A: retaliatory headbutt, horns 2
a: no special abilities


You were on level 2 of the Dungeon.
You were not hungry.

You visited 1 branch of the dungeon, and saw 2 of its levels.

You collected 53 gold pieces.

Inventory:

Hand Weapons
 a - a +0 spear (weapon)
Missiles
 h - 21 stones
 j - 25 bolts
 k - 29 arrows
 m - 9 poisoned darts (quivered)
Armour
 d - a +0 pair of gloves (worn)
 g - a +0 ring mail (worn)
Jewellery
 b - a ring of see invisible (left hand)
Scrolls
 c - a scroll of teleportation
 e - a scroll of immolation {unknown}
 i - a scroll of remove curse {unknown}
 o - a scroll of identify {unknown}
Potions
 l - a potion of haste {unknown}
Comestibles
 f - 7 rations
 n - a chunk of flesh


   Skills:
 + Level 3.2 Fighting
   Level 1.2 Long Blades
 + Level 1.6 Armour
 + Level 1.6 Dodging
 - Level 2.0 Stealth
 + Level 2.5 Spellcasting
   Level 1.0 Hexes
   Level 1.0 Transmutations


You had 6 spell levels left.
You knew the following spells:

 Your Spells              Type           Power        Failure   Level  Hunger
a - Magic Dart            Conj           #...         58%         1    ##.....

Your spell library contained the following spells:

 Spells                   Type           Power        Failure   Level  Hunger
 Slow                     Hex            #.......     58%         2    ###....
 Blink                    Tloc           N/A          75%         2    ###....
 Call Imp                 Summ           #.......     75%         2    ###....
 Conjure Flame            Conj/Fire      #.......     92%         3    ####...
 Mephitic Cloud           Conj/Pois/Air  #.......     92%         3    ####...


Dungeon Overview and Level Annotations

Branches:
Dungeon (2/15)

Altars:

Annotations:
D:2 Sigmund


Innate Abilities, Weirdness & Mutations

You reflexively headbutt those who attack you in melee.
You have a pair of horns on your head.


Message History

Sigmund is lightly wounded.
Quiver which item? (- for none, * to show all) (? for menu, Esc to quit)
Quivering
m - 11 poisoned darts for throwing.
Throwing (i - inventory. (/) - cycle)
m - 11 poisoned darts (quivered)
Press: ? - help, Shift-Dir - straight line, f/p - Sigmund
Aim: Sigmund, wielding a +0 scythe and wearing a +0 robe (lightly wounded)
You throw a poisoned dart.
The poisoned dart closely misses Sigmund.
Throwing (i - inventory. (/) - cycle)
m - 10 poisoned darts (quivered)
Press: ? - help, Shift-Dir - straight line, f/p - Sigmund
Aim: Sigmund, wielding a +0 scythe and wearing a +0 robe (lightly wounded)
You throw a poisoned dart.
The poisoned dart closely misses Sigmund.
Sigmund hits you from afar with a +0 scythe!
* * * LOW HITPOINT WARNING * * *
There is an open door here.
As you close the door, it creaks loudly!
Sigmund points at you and mumbles some strange words.
The magic dart hits you!
You die...

#.......†.#.# ...#.#
#.........#.# ###..#.#
##.........#.## #.<..#S#
#..........#..##.###.##.###
#.........@##.##...(......#
###...####+#.##.######K##...##
#......# #........[.....(...'.
#......# ###...........##K..##
#......# ##@......##.# ...#
#......# #..###..##.# .K...
#......# ##.#≈#.###.# .....
#......# #.###.###.# .....
#......# #......##.# .@...
#......# #....#.##.# s....
#......# ###.)...#.# ########
#.....#.# #.....#.#


You could see Sigmund.

Vanquished Creatures
  A gnoll (D:1)
  An adder (D:1)
  2 worms (D:2)
  A leopard gecko (D:1)
  A ball python (D:1)
  2 giant cockroaches (D:2)
  5 goblins
  6 hobgoblins
  A quokka (D:2)
  5 bats
  5 frilled lizards (D:1)
  6 kobolds
  2 rats
38 creatures vanquished.

Notes
Turn   | Place    | Note
-------+----------+-------------------------------------------
     0 | D:1      | Kagalorn the Minotaur Wanderer began the quest for the Orb.
     0 | D:1      | Kagalorn set off with the following items: a +0 spear, a
                  | scroll of teleportation, a +0 robe, a +0 dagger, a ration;
                  | and the following spell memorised: Magic Dart; and the
                  | following spells available to memorise: Slow, Blink, Call
                  | Imp, Conjure Flame, Mephitic Cloud
     0 | D:1      | Reached XP level 1. HP: 18/18 MP: 2/2
   196 | D:1      | Reached XP level 2. HP: 23/25 MP: 4/4
   274 | D:1      | Reached skill level 1 in Armour
   274 | D:1      | Reached skill level 1 in Dodging
   518 | D:1      | Reached XP level 3. HP: 23/30 MP: 5/5
   748 | D:1      | Reached skill level 3 in Fighting
  1185 | D:2      | Noticed Sigmund
  1465 | D:2      | Killed from afar by Sigmund

Levels and vault maps discovered:
D:1:      minmay_arrival_wavy_path, layout_loops_ring
D:2:      layout_basic, overflow_temple_1_default, first_ration,
          chequers_mini_garden, feat_on_display, uniq_sigmund

Skill      XL: |  1  2  3 |
---------------+----------+-----
Armour         | 1 |  1.6
Dodging        | 1 |  1.6
Stealth        | 2 |  2.0
Fighting       | 3 |  3.2
Long Blades    | |  1.2
Spellcasting   | |  2.5
Hexes          | |  1.0
Transmutations | |  1.0

Action                   || total
-------------------------++-------
Melee: Spear             ||   129
       Headbutt          ||    10
Throw: Stone             ||     5
       Dart              ||     2
 Stab: Sleeping          ||     1
  Eat: Chunk             ||     2
Armor: Ring mail         ||    33
Dodge: Dodged            ||    52
